 Dungeon Crawl Stone Soup version 0.17.1-1-g73c8601 (webtiles) character file.

2352 PossumBlood the Carver (level 9, -2/70 HPs)
             Began as a Minotaur Fighter on Dec 19, 2015.
             Slain by a yak (8 damage)
             ... on level 6 of the Dungeon.
             The game lasted 00:16:24 (5554 turns).

PossumBlood the Carver (Minotaur Fighter)           Turns: 5554, Time: 00:16:24

Health: -2/70      AC: 12    Str: 28    XL:     9   Next: 20%
Magic:  8/8        EV:  8    Int:  3    God:
Gold:   134        SH: 10    Dex:  9    Spells: 0 memorised, 8 levels left

rFire  . . .     SeeInvis .     q - +3 falchion (slice)
rCold  . . .     Clarity  .     p - +5 ring mail of Seom {Regen+ Str+3 Int-2 Stlth+}
rNeg   . . .     SustAt   .     c - +0 shield
rPois  .         Gourm    .     (helmet restricted)
rElec  .         Spirit   .     r - +1 cloak
rCorr  .         Warding  .     (no gloves)
rMut   .         Stasis   .     (no boots)
MR     .....                    (no amulet)
Stlth  +.........               (no ring)
                                (no ring)

@: not resistant to hostile enchantments, very unstealthy
A: retaliatory headbutt, horns 2
a: no special abilities


You were on level 6 of the Dungeon.
You were not hungry.

You visited 1 branch of the dungeon, and saw 6 of its levels.

You collected 353 gold pieces.
You spent 219 gold pieces at shops.

Inventory:

Hand Weapons
 a - a +0 long sword
 q - a +3 falchion of slicing (weapon)
Missiles
 m - 8 tomahawks (quivered)
Armour
 c - a +0 shield (worn)
 p - the +5 ring mail of Seom (worn) {Regen+ Str+3 Int-2 Stlth+}
   (You found it on level 5 of the Dungeon)

   It affects your strength (+3).
   It affects your intelligence (-2).
   It increases your rate of regeneration.
   It makes you more stealthy.
 r - a +1 cloak (worn)
Scrolls
 b - a scroll of teleportation
 g - 5 scrolls of identify
 j - 2 scrolls of fear
 k - 2 scrolls of remove curse
 o - a scroll of immolation
Potions
 d - a potion of might
 l - 7 potions of curing
 n - 2 potions of resistance
Comestibles
 e - 2 bread rations
 h - 6 meat rations


   Skills:
 - Level 3.6 Fighting
 * Level 14.2 Long Blades
 - Level 3.6 Armour
 - Level 3.6 Shields


You had 8 spell levels left.
You didn't know any spells.

Dungeon Overview and Level Annotations

Branches:
Dungeon (6/15)
 Temple: D:4-7

Altars:
Dithmenos
Elyvilon
Gozag
Sif Muna
Yredelemnul
Zin
The Shining One

Shops:
D:4 !(}(*


Innate Abilities, Weirdness & Mutations

You reflexively headbutt those who attack you in melee.
You have a pair of horns on your head.


Message History

The yak gores you!
* * * LOW HITPOINT WARNING * * *
You block the yak's attack. The yak gores you but does no damage.
You hit the yak but do no damage.
The yak is almost dead.
You block the yak's attack. x2
You slash the yak!
You kill the yak!
You hit the yak but do no damage.
The yak is almost dead.
The yak closely misses you. You block the yak's attack.
You slash the yak!
You kill the yak!
Your Long Blades skill increases to level 14!
The yak gores you but does no damage. You block the yak's attack.
Drink which item? (? for menu, Esc to quit)
You feel better. The yak gores you!
* * * LOW HITPOINT WARNING * * *
The yak gores you!
You die...

#......†#..........##..
#.......#................
#########..#.............
#...........%.....
#....##.......$...
#.................
###########..#.#...........
##...#...###.##.............
##.........##Y@†......†......
#............Y##.............
##.<..........................
#.........[...................
#.....†.......................
#.............................
#..........#.................#
#..........#.......###########
#.........##.......#


You could see 2 yaks.

Vanquished Creatures
  4 yaks (D:6)
  A sky beast (D:5)
  A phantom (D:2)
  2 ice beasts
  2 ogres
  A centaur (D:6)
  6 big kobolds
  A scorpion (D:6)
  A water moccasin skeleton (D:5)
  A crimson imp (D:5)
  4 orc wizards
  A hound (D:4)
  2 iguanas
  Jessica (D:2)
  3 orc priests
  2 worker ants (D:4)
  2 gnolls (D:3)
  8 adders
  An ooze (D:3)
  2 worms (D:2)
  2 giant geckos
  32 orcs
  2 ball pythons
  3 giant cockroaches
  5 hobgoblins
  58 kobolds
  A quokka (D:4)
  4 bats
  3 giant newts
  5 goblins
  2 jackals (D:3)
  7 rats
170 creatures vanquished.

Notes
Turn   | Place    | Note
--------------------------------------------------------------
     0 | D:1      | PossumBlood the Minotaur Fighter began the quest for the Orb.
     0 | D:1      | Reached XP level 1. HP: 19/19 MP: 0/0
   369 | D:1      | Reached XP level 2. HP: 26/26 MP: 1/1
   754 | D:2      | Reached skill level 4 in Long Blades
   768 | D:2      | Reached XP level 3. HP: 20/31 MP: 2/2
   922 | D:2      | Noticed Jessica
   932 | D:2      | Killed Jessica
   932 | D:2      | Reached skill level 5 in Long Blades
   940 | D:2      | Found an opulent altar of Gozag.
  1417 | D:3      | Reached XP level 4. HP: 39/39 MP: 3/3
  1459 | D:2      | Noticed a phantom
  1471 | D:2      | Killed a phantom
  1471 | D:2      | Reached skill level 6 in Long Blades
  1471 | D:2      | Reached XP level 5. HP: 25/45 MP: 4/4
  1907 | D:3      | Reached skill level 7 in Long Blades
  1951 | D:3      | Noticed a big kobold
  1959 | D:3      | Killed a big kobold
  1959 | D:3      | Reached XP level 6. HP: 37/51 MP: 5/5
  2110 | D:3      | Reached skill level 8 in Long Blades
  2403 | D:3      | Noticed a big kobold
  2414 | D:3      | Killed a big kobold
  2465 | D:3      | Noticed a big kobold
  2468 | D:3      | Noticed a big kobold
  2475 | D:3      | Noticed a big kobold
  2484 | D:3      | Killed a big kobold
  2484 | D:3      | Reached skill level 9 in Long Blades
  2504 | D:3      | Killed a big kobold
  2504 | D:3      | Reached XP level 7. HP: 6/57 MP: 6/6
  2507 | D:3      | Killed a big kobold
  2514 | D:3      | HP: 1/57 [gnoll/halberd (10)]
  3111 | D:3      | Reached skill level 10 in Long Blades
  3453 | D:4      | Found Biph's Distillery.
  3583 | D:4      | Bought a potion of curing for 42 gold pieces
  3583 | D:4      | Bought a potion of curing for 42 gold pieces
  3583 | D:4      | Bought a potion of heal wounds for 70 gold pieces
  3694 | D:4      | Found Juaxug's Gadget Boutique.
  3742 | D:4      | Found Etoemikk's General Store.
  3750 | D:4      | Reached skill level 11 in Long Blades
  3761 | D:4      | Bought a potion of curing for 39 gold pieces
  3761 | D:4      | Bought a scroll of identify for 26 gold pieces
  4086 | D:4      | Found Ahudum's Antique Weapon Emporium.
  4125 | D:4      | Found Peunies's Weapon Boutique.
  4128 | D:4      | Reached XP level 8. HP: 48/64 MP: 7/7
  4341 | D:5      | Entered Level 5 of the Dungeon
  4404 | D:5      | Got a fine ring mail
  4415 | D:5      | Identified the +5 ring mail of Seom {Regen+ Str+3 Int-2 Stlth+} (You found it on level 5 of the Dungeon)
  4672 | D:5      | Found a glowing silver altar of Zin.
  4672 | D:5      | Found a white marble altar of Elyvilon.
  4673 | D:5      | Found a shadowy altar of Dithmenos.
  4674 | D:5      | Found a deep blue altar of Sif Muna.
  4764 | D:5      | Found a basalt altar of Yredelemnul.
  4766 | D:5      | Noticed a profane servitor
  4781 | D:5      | Found a glowing golden altar of the Shining One.
  4783 | D:5      | Noticed an angel
  4893 | D:5      | Reached skill level 12 in Long Blades
  5473 | D:6      | Reached skill level 13 in Long Blades
  5542 | D:6      | Reached XP level 9. HP: 24/70 MP: 8/8
  5553 | D:6      | Reached skill level 14 in Long Blades
  5554 | D:6      | Slain by a yak

Action                   |  1- 3 |  4- 6 |  7- 9 || total
-------------------------+-------+-------+-------++-------
Melee: Long sword        |    62 |    32 |       ||    94
       Falchion          |       |   136 |   239 ||   375
  Use: Potion            |       |     2 |     4 ||     6
       Scroll            |       |     1 |    10 ||    11
 Stab: Sleeping          |       |       |     1 ||     1
  Eat: Bread ration      |     1 |       |     1 ||     2
       Beef jerky        |       |     1 |     1 ||     2
       Pizza             |       |       |     3 ||     3
